 Dungeon Crawl Stone Soup version 0.25-a0-435-g4b9beb1024 (webtiles) character file.

Game seed: 4064482555120614675, levelgen mode: deterministic

133 Sds the Charmwright (level 4, -12/38 HPs)
             Began as a Draconian Skald on Jan 26, 2020.
             Was an Initiate of Ru.
             Mangled by an ogre
             ... wielding a +0 giant spiked club
              (22 damage)
             ... on level 3 of the Dungeon.
             The game lasted 00:35:51 (3841 turns).

Sds the Charmwright (Draconian Skald)               Turns: 3841, Time: 00:35:52

Health: -12/38     AC:  5    Str: 14    XL:     4   Next: 94%
Magic:  3/8        EV: 12    Int: 14    God:    Ru [......]
Gold:   102        SH:  0    Dex: 10    Spells: 0/8 levels left

rFire    . . .     SeeInvis .   a - +0 falchion
rCold    . . .     Gourm    .   (no shield)
rNeg     . . .     Faith    .   (armour unavailable)
rPois    .         Spirit   .   (helmet restricted)
rElec    .         Reflect  .   (no cloak)
rCorr    .         Harm     .   (no gloves)
MR       .....                  (no boots)
Stlth    +.........             (no amulet)
HPRegen  0.12/turn              (no ring)
MPRegen  0.11/turn              (no ring)

@: singing
A: unfitting armour, cold-blooded, AC +5
a: Renounce Religion


You were on level 3 of the Dungeon.
You worshipped Ru.
Ru was noncommittal.
You were not hungry.

You visited 1 branch of the dungeon, and saw 4 of its levels.

You collected 102 gold pieces.

Inventory:

Hand Weapons
 a - a +0 falchion (weapon)
 g - a +1 short sword of venom
 j - a +0 short sword of venom
Jewellery
 f - a +2 ring of strength {unknown}
 l - an uncursed amulet of the gourmand {unknown}
Scrolls
 e - a scroll of identify {unknown}
 n - a scroll of remove curse {unknown}
Potions
 b - a potion of heal wounds
 d - a potion of resistance {unknown}
 h - a potion of berserk rage {unknown}
 i - 2 potions of curing {unknown}
 k - 2 potions of cancellation {unknown}
 m - a potion of haste {unknown}
Comestibles
 c - 3 rations


   Skills:
 - Level 3.0 Fighting
 + Level 2.8 Long Blades
 + Level 2.8 Dodging
 + Level 2.7 Spellcasting
 + Level 3.3 Charms
 + Level 0.5 Translocations


You couldn't memorise any spells.
You knew the following spells:

 Your Spells              Type           Power        Failure   Level  Hunger
a - Infusion              Chrm           ##..         5%          1    #......
b - Song of Slaying       Chrm           ##......     9%          2    ###....
c - Shroud of Golubria    Chrm/Tloc      #.....       16%         2    ###....
d - Spectral Weapon       Hex/Chrm       #.......     32%         3    ###....

Your spell library contained the following spells:

 Spells                   Type           Power        Failure   Level  Hunger
 Ozocubu's Armour         Chrm/Ice       #.......     32%         3    ###....


Dungeon Overview and Level Annotations

Branches:
Dungeon (4/15)
 Temple: D:4-7

Altars:
Ashenzari
Dithmenos
Ru

Annotations:
D:4 Edmund, Ijyb, Menkaure


Innate Abilities, Weirdness & Mutations

Your plain brown scales are hard. (AC +5)
You cannot fit into any form of body armour.
You are cold-blooded and may be slowed by cold attacks.


Message History

Confirm with . or Enter, or press ? or * to list all spells.
Space distorts slightly along a thin shroud covering your body.
The jackal closely misses you.
You riposte.
You barely miss the jackal.
The jackal is moderately wounded.
The orc hits you but does no damage.
The jackal bites you but does no damage.
The ogre closely misses you. The jackal barely misses you.
You riposte.
You closely miss the jackal.
The jackal is moderately wounded.
The orc priest hits you but does no damage.
You slash the orc priest!
The orc priest is heavily wounded.
The jackal bites you but does no damage.
The jackal misses you. The orc hits you but does no damage.
The orc priest hits you.
* * * LOW HITPOINT WARNING * * *
The jackal bites you but does no damage.
The ogre hits you with a +0 giant spiked club!!
Ouch! That really hurt!
You die...

.# #(#.#######.# #.##### .#
#.).........# #.##... .#
##...........# #.##.## .#
######...#######.## #.##.# .#
#.........#### #.# #.##.# .#
#.##.....(...###.######.##.#
.#
#.#####.................##.##
.# ##.##
#..###o###.####.#......
.###...##
#..###@O..........##..#
.##..<..#
#....hoh...#########..#
.###...## #..###.##### #..#
.###..#####..##...### #..#
................#...# #...
####.####.#.###...#.# ##.#
#.####.#.####.##.#### #.#
#...................# #.#
#.####.##.###..#.##<########.#


You could see an ogre, an orc priest, an orc and 2 jackals.

Vanquished Creatures
  2 adders
  3 worms
  2 leopard geckos (D:3)
  11 orcs (D:3)
  2 ball pythons (D:1)
  A giant cockroach (D:2)
  10 goblins
  15 hobgoblins
  7 jackals
  2 quokkas
  11 bats
  3 frilled lizards
  9 kobolds
  5 rats
83 creatures vanquished.

Notes
Turn   | Place    | Note
-------+----------+-------------------------------------------
     0 | D:1      | Sds the Draconian Skald began the quest for the Orb.
     0 | D:1      | Reached XP level 1. HP: 17/17 MP: 3/3
    69 | D:1      | Reached XP level 2. HP: 9/25 MP: 0/5
   952 | D:1      | Reached XP level 3. HP: 22/30 MP: 1/6
   957 | D:1      | Learned a level 2 spell: Song of Slaying
   960 | D:1      | Learned a level 2 spell: Shroud of Golubria
  1729 | D:2      | Found a shadowy altar of Dithmenos.
  1834 | D:2      | Found a sacrificial altar of Ru.
  1877 | D:2      | Found a shattered altar of Ashenzari.
  2163 | D:2      | Reached XP level 4. HP: 37/37 MP: 0/7
  2310 | D:2      | Became a worshipper of Ru the Awakened
  2423 | D:3      | Learned a level 3 spell: Spectral Weapon
  3615 | D:4      | Noticed Menkaure
  3615 | D:4      | Noticed an ogre
  3645 | D:4      | Noticed Edmund
  3645 | D:4      | Noticed Ijyb
  3841 | D:3      | Mangled by an ogre

Levels and vault maps discovered:
D:1:      wander_arrival_lonely_grave, layout_loops_ring
D:2:      layout_basic, grunt_dithmenos_smoke_and_mirrors, ashenzari_altar_1,
          lemuel_crystal_altar, serial_bayou_pond_b
D:3:      layout_loops_ring, first_ration
D:4:      layout_loops_ring, uniq_edmund, uniq_menkaure, uniq_ijyb, uniq_pikel,
          uniq_blork_the_orc, uniq_sigmund, uniq_robin

Skill      XL: |  1  2  3  4 |
---------------+-------------+-----
Charms         | 3 |  3.3
Fighting       | 3 |  3.0
Long Blades    | |  2.8
Dodging        | |  2.8
Spellcasting   | |  2.7
Translocations | |  0.5

Action                   |  1- 3 |  4- 6 || total
-------------------------+-------+-------++-------
Melee: Falchion          |   103 |   105 ||   208
       Tailslap          |    11 |    10 ||    21
 Cast: Infusion          |    20 |     8 ||    28
       Shroud of Golubri |     1 |     7 ||     8
       Song of Slaying   |     1 |     7 ||     8
  Use: Scroll            |       |     1 ||     1
  Eat: Ration            |     2 |     2 ||     4
Armor: Skin              |    38 |    47 ||    85
Dodge: Dodged            |    85 |   104 ||   189
       Rpst.: Falchion   |    31 |    33 ||    64

Table legend:
 A = Non-vault XP
 B = Vault XP
 C = Vault XP percentage of total XP
 D = Non-vault monster count
 E = Vault monster count
 F = Vault count percentage of total count
                 A         B        C        D         E       F
            +---------+---------+-------+---------+---------+-------
      Total |     183 |       8 |   4.2 |      80 |       3 |   3.6
            +---------+---------+-------+---------+---------+-------
        D:1 |      53 |       0 |   0.0 |      31 |       0 |   0.0
        D:2 |      38 |       8 |  17.4 |      14 |       3 |  17.6
        D:3 |      92 |       0 |   0.0 |      35 |       0 |   0.0
            +---------+---------+-------+---------+---------+-------
